 Dungeon Crawl Stone Soup version 0.21.0-3-g78d12a8bdd (webtiles) character file.

201406 Rrauwl the Executioner (level 18, -10/169 HPs)
             Began as a Hill Orc Gladiator on Jan 9, 2018.
             Was the Champion of the Shining One.
             Mangled by an orc warlord
             ... wielding a +1 great mace
              (53 damage)
             ... on level 2 of the Elven Halls on Jan 10, 2018.
             The game lasted 03:05:21 (39559 turns).

Rrauwl the Executioner (Hill Orc Gladiator)        Turns: 39559, Time: 03:05:22

Health: -10/169    AC: 26    Str: 26    XL:     18   Next: 54%
Magic:  27/27      EV: 10    Int:  8    God:    the Shining One [******]
Gold:   2188       SH:  0    Dex: 13    Spells: 11/17 levels left

rFire    + + .     SeeInvis .   a - +2 battleaxe (chop)
rCold    . . .     Gourm    .   (shield currently unavailable)
rNeg     + + +     Faith    .   D - +0 plate armour {rF+}
rPois    .         Spirit   .   C - +2 helmet
rElec    .         Reflect  .   G - +0 cloak
rCorr    .         Harm     .   c - +0 pair of gloves
MR       ++...                  o - +1 pair of boots
Stlth    ..........             L - amulet of rage
HPRegen  0.38/turn              t - ring of protection from magic
MPRegen  0.20/turn              m - ring of protection from fire

@: glowing
A: mutation resistance 1, strong 1
}: 1/15 runes: gossamer
a: Divine Shield, Cleansing Flame, Summon Divine Warrior, Brand Weapon With Holy
Wrath, Renounce Religion, Evoke Berserk Rage


You were on level 2 of the Elven Halls.
You worshipped the Shining One.
The Shining One was exalted by your worship.
You were not hungry.

You visited 6 branches of the dungeon, and saw 30 of its levels.
You also visited: Sewer and Bailey.

You collected 2662 gold pieces.
You spent 474 gold pieces at shops.

Inventory:

Hand Weapons
 a - a +2 battleaxe of chopping (weapon)
 b - the +6 shortbow "Ynaes" {velocity, rElec Str+3 Stlth-}
   (You found it in a sewer)

   Any arrow fired from it inflicts extra damage.
   It affects your strength (+3).
   It insulates you from electricity.
   It makes you less stealthy.
Missiles
 d - 6 throwing nets (quivered)
 v - 353 arrows
Armour
 c - a +0 pair of gloves (worn)
 o - a +1 pair of boots (worn)
 C - a +2 helmet (worn)
 D - a +0 plate armour of fire resistance (worn)
 G - a +0 cloak (worn)
 Q - +0 acid dragon scales
Jewellery
 m - a ring of protection from fire (right hand)
 r - an uncursed ring of protection from cold
 t - a ring of protection from magic (left hand)
 z - an uncursed ring of see invisible
 A - an uncursed ring of resist corrosion
 B - an uncursed amulet of faith
 J - a +6 amulet of reflection
 K - an uncursed ring of poison resistance
 L - an amulet of rage (around neck)
 S - an uncursed ring of flight
Wands
 k - a wand of enslavement (14)
 n - a wand of polymorph (28)
 u - a wand of paralysis (41)
 x - a wand of acid (3)
 y - a wand of flame (57)
 E - a wand of disintegration (31)
Scrolls
 e - 3 scrolls of enchant weapon
 g - 4 scrolls of magic mapping
 i - 7 scrolls of identify
 j - 3 scrolls of fear
 l - 2 scrolls of fog
 p - 6 scrolls of teleportation
 q - a scroll of enchant armour
 s - 2 scrolls of amnesia
 w - 8 scrolls of remove curse
 F - a scroll of blinking
 O - a scroll of silence
Potions
 h - 10 potions of curing
 T - a potion of cancellation
Miscellaneous
 f - a lamp of fire
 N - a phantom mirror
Comestibles
 M - 28 rations


   Skills:
 - Level 17.0 Fighting
 - Level 24.0 Axes
 - Level 8.0 Bows
 - Level 2.0 Throwing
 + Level 14.4 Armour
 - Level 5.0 Dodging
 - Level 12.0 Invocations
 - Level 10.0 Evocations


You had 11 spell levels left.
You knew the following spells:

 Your Spells              Type           Power        Failure   Level  Hunger
a - Sticks to Snakes      Tmut           #.......     99%         2    ###....
b - Blink                 Tloc           N/A          99%         2    ###....
c - Swiftness             Chrm/Air       #.......     99%         2    ###....


Dungeon Overview and Level Annotations

Branches:
Dungeon (15/15)            Temple (1/1) D:7            Lair (6/6) D:9
  Swamp (0/4) Lair:2       Spider (4/4) Lair:3        Slime (0/5) Lair:6
    Orc (2/2) D:9             Elf (2/3) Orc:2        Vaults (0/5) D:13
 Depths (0/5) D:15

Altars:
Ashenzari
Cheibriados
Dithmenos
Elyvilon
Fedhas
Gozag
Hepliaklqana
Kikubaaqudgha
Makhleb
Nemelex Xobeh
Okawaru
Qazlal
Ru
Sif Muna
Trog
Uskayaw
Vehumet
Wu Jian
Xom
Yredelemnul
Zin
The Shining One
Jiyva

Shops:
D:9 :   D:11 ?   Orc:1 %   Orc:2 *([=

Portals:
Trove: D:11 (give 4 potions of resistance)
Ice
Cave: Elf:2

Annotations:
D:2 exclusion: oklob plant
Elf:2 exclusion: 2 ice statues


Innate Abilities, Weirdness & Mutations

You are somewhat resistant to further mutation.
Your muscles are strong. (Str +2)


Message History

Your angel hits the orc warlord with a whip of holy wrath!
Your angel hits the orc warlord but does no damage.
You hit the deep elf mage but do no damage.
The deep elf mage is heavily wounded.
You slice the orc warlord!!
Your angel closely misses the orc warlord.
Your angel hits the orc warlord but does no damage.
The orc warlord closely misses you.
The deep elf mage hits you but does no damage.
You slice the deep elf mage!!
The deep elf mage is almost dead.
You slash the orc warlord!
Your angel hits the orc warlord with a whip of holy wrath!!
Your angel hits the orc warlord but does no damage.
Unknown command.
You slice the deep elf mage!!
You kill the deep elf mage!
You hit the orc warlord but do no damage.
The orc warlord hits you with an enchanted great mace!!!
You die...

**...*,**,,,* ##.##.#.#.#*******
*,****,,*,,,* #.#..#..##.#*,,,,,
,** *,*#.*##* #.#.)..##*#.#,,,,,
** *,*#.##.#*#..#....# *#..,,,, *
*,**#.##.##)..#..## *..,,,,
******,**##.##.)....####***,,,,,,
,,,,,,,,,.......()......?,,,,,,,,
******,**####.)oA)..#####**,,,,,,
* *,* *#.#.#@.###*******,,,,, *
*,* *#.*##)##......,,,,,,,,, ****
*,***.***##.#######****,,,,,
,,,***,**,,,,***...,,*******,****
,,,,**,*,***,,*,..e..,**,,,,**
,,,,**,,** **,*,....e..,,,,,,*
,<,,*,,,* *,,,....e..,,,,,,*
,,,***,** *,,,......e,,,,*** ****
*** **,,.8∩8...,****


You could see an orc warlord and a friendly angel.

Vanquished Creatures
  A deep elf blademaster (Elf:2)
  The ghost of Roak the Geomancer, an adept GrEE of Vehumet (Spider:3)
  Kirke (Spider:1)
  Agnes (Spider:4)
  Donald (Spider:4)
  An orc warlord (Orc:2)
  A caustic shrike zombie (D:15)
  5 ghost moths
  3 entropy weavers
  A spark wasp (Spider:4)
  Azrael (Orc:2)
  Josephine (Orc:2)
  8 hydras
  5 vault guards (D:13)
  8 two-headed ogres
  A death knight (D:11)
  10 dancing weapons
  2 ogre magi
  A queen ant (Spider:2)
  A tengu warrior (D:15)
  3 centaur warriors
  A vampire mage (D:15)
  3 orc high priests (Orc:2)
  Sonja (D:14)
  Nergalle (Orc:1)
  5 deep elf knights
  2 unseen horrors
  15 skeletal warriors
  5 deep elf archers (Elf:1)
  15 deep elf magi
  4 orc knights
  A wizard (D:13)
  36 wolf spiders
  A necromancer (D:15)
  20 orb spiders
  4 orc sorcerers
  3 cyclopes
  21 ugly things
  9 elephants
  3 gargoyles
  4 black mambas
  A stone giant skeleton (D:15)
  2 torpor snails
  17 spiny frogs
  A spriggan zombie (D:15)
  9 komodo dragons
  A kobold demonologist (D:14)
  An efreet (D:13)
  6 demonic crawlers
  4 rime drakes
  2 freezing wraiths (D:11)
  The ghost of Roak the Ruffian, an amateur TrWr of Cheibriados (D:4)
  5 yaktaurs (D:15)
  A tengu conjurer (D:15)
  10 polar bears
  8 trolls
  12 hornets
  9 wind drakes (D:12)
  Grinder (D:3)
  26 jumping spiders
  Prince Ribbit (D:7)
  7 blink frogs
  A fire dragon zombie (D:15)
  6 slime creatures
  2 dream sheep (Lair:6)
  6 hippogriffs
  A shadow (D:14)
  57 redbacks
  11 air elementals
  Sigmund (D:3)
  A vampire (D:14)
  7 wraiths
  3 wyverns
  A water elemental (Elf:2)
  31 tarantellas
  2 basilisks (Lair:1)
  3 fire elementals (Orc:2)
  13 spriggans (Lair:6)
  61 yaks
  A hog (Spider:1)
  4 hungry ghosts
  8 vampire mosquitoes (D:14)
  A warg (Orc:2)
  15 insubstantial wisps (D:12)
  11 water moccasins
  An acid dragon (D:13)
  8 porcupines
  20 soldier ants
  3 hell hounds (Orc:2)
  2 ice beasts
  30 orc warriors
  5 sky beasts
  2 black bears
  10 ogres
  3 boggarts (Lair:6)
  2 phantoms
  20 wolves
  8 centaurs
  13 crocodiles
  4 big kobolds
  11 bullfrogs
  8 gnoll sergeants (Bailey)
  7 scorpions
  6 killer bees
  10 wights
  4 howler monkeys
  5 electric eels
  7 crimson imps
  2 centaur zombies
  A bullfrog zombie (D:12)
  5 hounds
  5 jellies
  12 orc wizards
  4 centaur skeletons
  7 gnoll shamans
  6 orc priests
  2 bullfrog skeletons
  An iguana (D:13)
  30 worker ants
  A hound zombie (D:6)
  Robin (D:3)
  20 adders
  25 gnolls
  2 howler monkey skeletons
  4 shadow imps
  6 oozes
  4 adder skeletons
  An adder zombie (D:8)
  8 worms
  5 leopard geckos
  43 orcs
  7 bats
  8 giant cockroaches
  24 goblins
  13 hobgoblins
  5 jackals
  34 kobolds
  2 quokkas
  4 ball pythons
  4 frilled lizards
  A jackal skeleton (D:5)
  20 rats
  13 fungi
  2 plants
  A withered plant (D:15)
1105 creatures vanquished.

Vanquished Creatures (collateral kills)
  Roxanne (Spider:1)
  Louise (Spider:4)
  2 spark wasps (Spider:4)
  A dancing weapon (Elf:2)
  A deep elf knight (Elf:2)
  An orc knight (Elf:2)
  2 wolf spiders (Spider:4)
  2 deep elf magi (Elf:2)
  An orb spider (Spider:4)
  A jumping spider (Spider:4)
  4 redbacks (Spider:4)
  2 tarantellas (Spider:4)
  A worker ant (Spider:2)
20 creatures vanquished.

Vanquished Creatures (others)
  A deep elf mage (Elf:1)
  A wind drake (D:12)
  A jumping spider (Spider:2)
  2 redbacks (Spider:2)
  5 humans (Spider:1)
  15 ball lightnings (D:12)
  37 fungi
  20 plants
82 creatures vanquished.

Grand Total: 1207 creatures vanquished

Notes
Turn   | Place    | Note
-------+----------+-------------------------------------------
     0 | D:1      | Rrauwl the Hill Orc Gladiator began the quest for the Orb.
     0 | D:1      | Reached XP level 1. HP: 18/18 MP: 1/1
    79 | D:1      | Reached XP level 2. HP: 19/25 MP: 2/2
   330 | D:1      | Reached skill level 1 in Armour
   627 | D:2      | Reached XP level 3. HP: 30/30 MP: 3/3
   949 | D:1      | Reached XP level 4. HP: 6/38 MP: 4/4
  1704 | D:2      | Found a hide-covered altar of Uskayaw.
  1716 | D:2      | Found a basalt altar of Yredelemnul.
  1872 | D:2      | Found a blossoming altar of Fedhas.
  1891 | D:2      | Noticed an oklob plant
  2311 | D:3      | Found a glowing drain.
  2341 | Sewer    | Entered a sewer
  2401 | Sewer    | Reached XP level 5. HP: 33/45 MP: 5/5
  2412 | Sewer    | Got a translucent shortbow
  2413 | Sewer    | Identified the +6 shortbow "Ynaes" {velocity, rElec Str+3 Stlth-} (You found it in a sewer)
  2471 | Sewer    | Reached skill level 5 in Axes
  2616 | Sewer    | Noticed a big kobold
  2626 | Sewer    | Killed a big kobold
  2646 | Sewer    | Gained mutation: You are surrounded by a mild repulsion field. (EV +2) [potion of mutation]
  2646 | Sewer    | Gained mutation: You occasionally shout uncontrollably at your foes. [potion of mutation]
  2646 | Sewer    | Gained mutation: Your flesh is cold resistant. (rC+) [potion of mutation]
  2762 | D:3      | Reached XP level 6. HP: 51/52 MP: 6/6
  2808 | D:3      | Noticed Robin
  2815 | D:3      | Killed Robin
  2910 | D:3      | Noticed Grinder
  2916 | D:3      | Noticed Sigmund
  2938 | D:3      | Paralysed by Grinder for 6 turns
  2946 | D:3      | Paralysed by Grinder for 4 turns
  2954 | D:3      | Paralysed by Grinder for 4 turns
  2967 | D:3      | Killed Sigmund
  2967 | D:3      | Reached skill level 5 in Fighting
  2967 | D:3      | Reached skill level 6 in Axes
  2967 | D:3      | Paralysed by Grinder for 3 turns
  2980 | D:3      | Killed Grinder
  2980 | D:3      | Reached XP level 7. HP: 15/61 MP: 7/7
  3934 | D:4      | Reached skill level 7 in Axes
  3968 | D:4      | Noticed Roak's ghost (amateur TrWr)
  4014 | D:4      | Killed Roak's ghost
  4014 | D:4      | Reached skill level 5 in Armour
  4014 | D:4      | Reached XP level 8. HP: 47/71 MP: 8/8
  4160 | D:4      | Reached skill level 8 in Axes
  4731 | D:4      | Found an opulent altar of Gozag.
  5123 | D:5      | Entered Level 5 of the Dungeon
  5742 | D:5      | Reached skill level 9 in Axes
  5955 | D:5      | Reached XP level 9. HP: 76/81 MP: 9/9
  6410 | D:6      | Found a glowing silver altar of Zin.
  6992 | D:6      | Learned a level 2 spell: Sticks to Snakes
  7316 | D:7      | Learned a level 2 spell: Blink
  7426 | D:7      | Noticed Prince Ribbit
  7434 | D:7      | Killed Prince Ribbit
  7525 | D:7      | Reached skill level 10 in Axes
  8007 | D:7      | Learned a level 2 spell: Swiftness
  8106 | D:7      | Found a staircase to the Ecumenical Temple.
  8114 | Temple   | Entered the Ecumenical Temple
  8197 | Temple   | Became a worshipper of the Shining One
  8321 | D:8      | Reached skill level 11 in Axes
  8399 | D:8      | Reached skill level 10 in Fighting
  8450 | D:8      | Reached skill level 1 in Bows
  8503 | D:8      | Reached XP level 10. HP: 88/93 MP: 10/10
  9040 | D:9      | Noticed a two-headed ogre
  9071 | D:9      | Killed a two-headed ogre
  9146 | D:9      | Found a staircase to the Orcish Mines.
  9170 | D:9      | Found Wioc Byl's Book Shop.
  9213 | D:9      | Found a flagged portal.
  9234 | Bailey   | Entered a bailey
  9335 | Bailey   | Reached * piety under the Shining One
  9755 | Bailey   | Reached skill level 12 in Axes
  9782 | Bailey   | Got an ichor-stained glaive {speed}
  9783 | Bailey   | Identified the +1 glaive "Nohami" {speed, MR+ Dex+2} (You took it off a gnoll sergeant in a bailey)
 10573 | D:9      | Reached skill level 1 in Invocations
 10575 | D:9      | Found a staircase to the Lair.
 10909 | Lair:1   | Entered Level 1 of the Lair of Beasts
 10915 | Lair:1   | Noticed a spiny frog
 10925 | Lair:1   | Killed a spiny frog
 11035 | D:10     | Entered Level 10 of the Dungeon
 11105 | D:10     | Noticed a gargoyle
 11114 | D:10     | Killed a gargoyle
 11114 | D:10     | Reached XP level 11. HP: 97/102 MP: 13/13
 11203 | D:10     | Reached ** piety under the Shining One
 11715 | D:11     | Reached skill level 5 in Bows
 11739 | D:11     | Reached skill level 13 in Axes
 11739 | D:11     | Reached skill level 5 in Invocations
 12063 | D:11     | Noticed a death knight
 12092 | D:11     | Reached *** piety under the Shining One
 12100 | D:11     | Noticed a skeletal warrior
 12103 | D:11     | Killed a death knight
 12619 | Lair:1   | Reached skill level 14 in Axes
 12995 | Lair:1   | Reached XP level 12. HP: 87/110 MP: 18/18
 13552 | Lair:1   | Lost mutation: Your flesh is cold resistant. (rC+) [potion of mutation]
 13552 | Lair:1   | Lost mutation: You occasionally shout uncontrollably at your foes. [potion of mutation]
 13552 | Lair:1   | Gained mutation: You are resistant to hostile enchantments. (MR+) [potion of mutation]
 13552 | Lair:1   | Gained mutation: You have a pair of small horns on your head. [potion of mutation]
 13553 | Lair:1   | Lost mutation: You are resistant to hostile enchantments. (MR+) [potion of mutation]
 13553 | Lair:1   | Lost mutation: You have a pair of small horns on your head. [potion of mutation]
 13553 | Lair:1   | Gained mutation: You expend magic power (3 MP) to strengthen your wands. [potion of mutation]
 13553 | Lair:1   | Gained mutation: You are robust. (+10% HP) [potion of mutation]
 13553 | Lair:1   | Gained mutation: You have a pair of small horns on your head. [potion of mutation]
 13554 | Lair:1   | Lost mutation: You expend magic power (3 MP) to strengthen your wands. [potion of mutation]
 13554 | Lair:1   | Lost mutation: You are surrounded by a mild repulsion field. (EV +2) [potion of mutation]
 13554 | Lair:1   | Lost mutation: You are robust. (+10% HP) [potion of mutation]
 13554 | Lair:1   | Lost mutation: You have a pair of small horns on your head. [potion of mutation]
 13554 | Lair:1   | Gained mutation: Your muscles are strong. (Str +2) [potion of mutation]
 13554 | Lair:1   | Gained mutation: You are somewhat resistant to further mutation. [potion of mutation]
 13590 | Lair:2   | Found a staircase to the Swamp.
 14158 | Lair:2   | Reached skill level 15 in Axes
 14688 | Lair:3   | Reached skill level 10 in Invocations
 15653 | Lair:3   | Found a hole to the Spider Nest.
 16139 | Lair:3   | Reached skill level 16 in Axes
 16290 | Lair:3   | Noticed a seven-headed hydra
 16322 | Lair:3   | Killed a seven-headed hydra
 16779 | Lair:4   | Noticed a six-headed hydra
 16786 | Lair:4   | Reached XP level 13. HP: 97/116 MP: 18/21
 17616 | Lair:5   | Reached skill level 17 in Axes
 17702 | Lair:5   | Reached **** piety under the Shining One
 18004 | Lair:5   | Reached skill level 10 in Armour
 18528 | Lair:6   | Entered Level 6 of the Lair of Beasts
 18868 | Lair:6   | Found a viscous altar of Jiyva.
 18868 | Lair:6   | Found a staircase to the Slime Pits.
 19157 | Lair:6   | Reached skill level 18 in Axes
 19193 | Lair:6   | Found an ornate altar of the Wu Jian Council.
 19335 | Lair:6   | Reached XP level 14. HP: 102/124 MP: 17/22
 19595 | Lair:6   | Paralysed by a hornet for 3 turns
 20036 | Lair:6   | Paralysed by a hornet for 2 turns
 20377 | Lair:6   | Reached ***** piety under the Shining One
 21097 | Orc:1    | Entered Level 1 of the Orcish Mines
 21413 | Orc:2    | Entered Level 2 of the Orcish Mines
 21526 | Orc:2    | Noticed Josephine
 21533 | Orc:2    | Killed Josephine
 21966 | Orc:2    | Found a staircase to the Elven Halls.
 21966 | Orc:2    | Noticed an orc warlord
 21992 | Orc:2    | Killed an orc warlord
 22121 | Orc:2    | Found Ixyr's Jewellery Shoppe.
 22258 | Orc:2    | Reached skill level 1 in Evocations
 22347 | Orc:2    | Found Zuighu's Antique Armour Emporium.
 22368 | Orc:2    | Noticed Azrael
 22380 | Orc:2    | Killed Azrael
 22660 | Orc:2    | Found Qiacs's General Store.
 22716 | Orc:2    | Found Japnukha's Antique Weapon Shoppe.
 22725 | Orc:2    | Bought a runed battleaxe for 332 gold pieces
 23242 | Orc:1    | Noticed Nergalle
 23253 | Orc:1    | Killed Nergalle
 23343 | Orc:1    | Found Foles's Food Shoppe.
 23647 | Spider:1 | Entered Level 1 of the Spider Nest
 23652 | Spider:1 | Noticed a ghost moth
 23666 | Lair:3   | Killed a ghost moth
 23666 | Lair:3   | Reached XP level 15. HP: 105/138 MP: 0/24
 24151 | Spider:1 | Noticed Kirke
 24162 | Spider:1 | Killed Kirke
 24169 | Spider:1 | Reached skill level 5 in Evocations
 25050 | Spider:1 | Noticed Roxanne
 25330 | Spider:1 | Reached skill level 19 in Axes
 26238 | Spider:1 | Killed Roxanne
 28392 | Spider:2 | Reached skill level 20 in Axes
 29020 | Spider:2 | Reached XP level 16. HP: 130/146 MP: 25/25
 29370 | Spider:2 | Reached ****** piety under the Shining One
 29854 | Spider:3 | Noticed Roak's ghost (adept GrEE)
 29916 | Spider:3 | Killed Roak's ghost
 29916 | Spider:3 | Reached skill level 10 in Evocations
 30150 | Spider:3 | Got a jade-encrusted chain mail
 30162 | Spider:3 | Identified the cursed +1 chain mail of the Nine Hells {rC+ Dex+3} (You found it on level 3 of the Spider Nest)
 30527 | Spider:4 | Entered Level 4 of the Spider Nest
 30706 | Spider:4 | Noticed Louise
 30721 | Spider:4 | Killed Louise
 30820 | Spider:4 | Noticed Donald
 30833 | Spider:4 | Killed Donald
 31174 | Spider:4 | Reached skill level 21 in Axes
 31368 | Spider:4 | Reached skill level 15 in Fighting
 31567 | Spider:4 | Noticed Agnes
 31580 | Spider:4 | Killed Agnes
 32559 | Spider:4 | Got a gossamer rune of Zot
 33096 | D:11     | Found Naelyup's Magic Scroll Emporium.
 33104 | D:11     | Bought a scroll of identify for 30 gold pieces
 33104 | D:11     | Bought a scroll of enchant armour for 112 gold pieces
 33147 | D:11     | Reached XP level 17. HP: 138/158 MP: 26/26
 33253 | D:11     | Found a glowing silver altar of Zin.
 33265 | D:11     | Found a portal to a secret trove of treasure.
 33865 | D:12     | Reached skill level 22 in Axes
 34432 | D:12     | You fall through a shaft for 3 floors!
 34432 | D:15     | Entered Level 15 of the Dungeon
 34638 | D:14     | Reached skill level 5 in Dodging
 34645 | D:14     | Noticed Sonja
 34658 | D:14     | Killed Sonja
 36539 | D:13     | Found a gate to the Vaults.
 36643 | D:13     | Reached skill level 23 in Axes
 37431 | D:15     | Reached XP level 18. HP: 92/166 MP: 27/27
 37703 | D:15     | Found a staircase to the Depths.
 38577 | Elf:1    | Entered Level 1 of the Elven Halls
 39329 | Elf:1    | You fall through a shaft!
 39355 | Elf:2    | Noticed a deep elf blademaster
 39369 | Elf:2    | Killed a deep elf blademaster
 39428 | Elf:2    | Found a runed gate.
 39428 | Elf:2    | Found a runed gate.
 39428 | Elf:2    | Found a runed gate.
 39440 | Elf:2    | Reached skill level 24 in Axes
 39544 | Elf:2    | Found a frozen archway.
 39559 | Elf:2    | Mangled by an orc warlord

Skill      XL: |  1  2  3  4  5  6  7  8  9 10 11 12 13 14 15 16 17 18 |
---------------+-------------------------------------------------------+-----
Throwing       | 2 |  2.0
Armour         | 1 2 4 5 6 7 8 9 11 12 13 14 | 14.4
Fighting       | 3 4 5 6 7 10 11 14 15 16 17 | 17.0
Dodging        | 3 4 5 |  5.0
Axes           | 5 6 7 9 11 12 14 16 18 20 21 23 24 | 24.0
Bows           | 1 4 5 7 8 |  8.0
Invocations    | 3 8 11 12 | 12.0
Evocations     | 4 9 10 | 10.0

Action                   |  1- 3 |  4- 6 |  7- 9 | 10-12 | 13-15 | 16-18 || total
-------------------------+-------+-------+-------+-------+-------+-------++-------
Melee: War axe           |    75 |   289 |   346 |   674 |   423 |       ||  1807
       Battleaxe         |       |       |       |       |   321 |  1024 ||  1345
 Fire: Shortbow          |       |       |    14 |   149 |   613 |   282 ||  1058
Throw: Throwing net      |       |     2 |       |     1 |       |       ||     3
 Cast: Blink             |       |       |       |       |       |     1 ||     1
Invok: Divine Shield     |       |       |       |     1 |     3 |     4 ||     8
       Summon Divine War |       |       |       |       |     1 |     3 ||     4
 Abil: Evoke Berserk Rag |       |       |       |       |     7 |     6 ||    13
Evoke: Wand              |       |       |     5 |    15 |    22 |     2 ||    44
  Use: Potion            |     2 |    13 |     9 |    10 |     3 |    21 ||    58
       Scroll            |       |     8 |     5 |     8 |     6 |    15 ||    42
  Eat: Chunk             |       |     7 |     9 |    12 |    12 |     8 ||    48
       Ration            |       |       |     3 |     4 |    10 |    10 ||    27
Armor: Leather armour    |    31 |     4 |       |       |       |       ||    35
       Chain mail        |       |   154 |   177 |       |       |       ||   331
       Plate armour      |       |       |       |   344 |   524 |   531 ||  1399
Dodge: Dodged            |    57 |   126 |   188 |   247 |   322 |   340 ||  1280
Block: Other             |       |       |       |     2 |     8 |    25 ||    35
